 Dungeon Crawl Stone Soup version 0.25.1-2-g60ff931df9 (webtiles) character file.

Game seed: 5507429390145910673

46 Martska the Grasshopper (level 3, 0/33 HPs)
             Began as a Naga Warper on Aug 13, 2020.
             Succumbed to an adder's poison
             ... on level 1 of the Dungeon.
             The game lasted 00:04:08 (1432 turns).

Martska the Grasshopper (Naga Warper)               Turns: 1432, Time: 00:04:08

Health: 0/33       AC:  4    Str: 13    XL:     3   Next: 66%
Magic:  0/6        EV:  9    Int: 14    God:
Gold:   34         SH:  0    Dex: 10    Spells: 1/6 levels left

rFire    . . .     SeeInvis +   a - +0 spear
rCold    . . .     Gourm    .   (no shield)
rNeg     . . .     Faith    .   b - +0 leather armour
rPois    +         Spirit   .   (no helmet)
rElec    .         Reflect  .   j - +0 cloak
rCorr    .         Harm     .   h - +0 pair of gloves
MR       .....                  (no barding)
Stlth    +.........             (no amulet)
HPRegen  0.11/turn              (no ring)
MPRegen  0.10/turn              (no ring)

@: lethally poisoned (0 -> -2), stab, very slightly contaminated, very slow
A: large, see invisible, deformed body, poison resistance, slowness 2, slow
metabolism 1, spit poison 1, AC +1
a: Spit Poison


You were on level 1 of the Dungeon.
You were hungry.

You visited 1 branch of the dungeon, and saw 2 of its levels.

You collected 34 gold pieces.

Inventory:

Hand Weapons
 a - a +0 spear (weapon)
Missiles
 e - 5 boomerangs of dispersal (quivered)
Armour
 b - a +0 leather armour (worn)
 h - a +0 pair of gloves (worn)
 j - a +0 cloak (worn)
Scrolls
 c - a scroll of fog {unknown}
 i - a scroll of noise {unknown}
 k - 2 scrolls of remove curse {unknown}
 m - a scroll of identify {unknown}
Comestibles
 f - 3 rations


   Skills:
 * Level 2.6 Fighting
 * Level 2.6 Polearms
 - Level 0.8 Throwing
 - Level 0.7 Armour
 * Level 2.2 Dodging
 + Level 2.2 Spellcasting
 - Level 3.0 Translocations


You had one spell level left.
You knew the following spells:

 Your Spells              Type           Power        Failure   Level  Hunger
a - Blink                 Tloc           N/A          13%         2    ###....
b - Teleport Other        Tloc           #.......     26%         3    ###....

Your spell library contained the following spells:

 Spells                   Type           Power        Failure   Level  Hunger
 Shroud of Golubria       Chrm/Tloc      #.....       24%         2    ###....
 Gell's Gravitas          Tloc           #.........   26%         3    ###....
 Lesser Beckoning         Tloc           #.........   26%         3    ###....
 Passage of Golubria      Tloc           N/A          65%         4    #####..


Dungeon Overview and Level Annotations

Branches:
Dungeon (2/15)

Altars:


Innate Abilities, Weirdness & Mutations

You cannot wear boots.
Your serpentine skin is tough. (AC +1)
You have supernaturally acute eyesight. (SInv)
Armour fits poorly on your strangely shaped body.
Your system is resistant to poisons. (rPois)
You cover ground very slowly.
You have a slow metabolism.
You can spit poison.


Message History

You barely miss the jackal.
The jackal is severely wounded.
* * * LOW HITPOINT WARNING * * *
You feel sick.
The jackal bites you but does no damage. x2
Casting: Blink (safe; 13% risk of failure)
Confirm with . or Enter, or press ? or * to list all spells.
You miscast Blink.
Nothing appears to happen.
The jackal closely misses you.
Casting: Blink (safe; 13% risk of failure)
Confirm with . or Enter, or press ? or * to list all spells.
You blink.
The goblin hits you.
* * * LOW HITPOINT WARNING * * *
The howler monkey hits you but does no damage.
Casting: Blink (safe; 13% risk of failure)
Confirm with . or Enter, or press ? or * to list all spells.
You blink.
* * * LOW HITPOINT WARNING * * *
You feel sick. The jackal barely misses you.
You die...

#)# #..# #.# ##..#
#.## #..#
###)###..## #.[#
#..## #...##..##
##.####...#
######..# #.##...#.#
##..# #.##.###(#
#..## #.#..# #.#
#>.# #...##
#(########..# ##..##
#(##....@...# .....#
#ยง##..h....##
.###.# #h##.h.....#
####.####)##.......#
........g.g.h......#
####.###...#....[..#
..##.###...........#
#.....##...#.......#
##....##...#.......#


You could see a howler monkey, 2 jackals and a goblin.

Vanquished Creatures
  An adder (D:1)
  An ooze (D:1)
  3 dart slugs (D:1)
  2 leopard geckos (D:1)
  An orc (D:1)
  4 goblins (D:1)
  2 hobgoblins (D:1)
  2 jackals (D:1)
  4 kobolds (D:1)
  2 bats (D:1)
  2 frilled lizards (D:1)
24 creatures vanquished.

Notes
Turn   | Place    | Note
-------+----------+-------------------------------------------
     0 | D:1      | Martska the Naga Warper began the quest for the Orb.
     0 | D:1      | Reached XP level 1. HP: 19/19 MP: 3/3
   386 | D:1      | Reached XP level 2. HP: 26/26 MP: 5/5
   851 | D:1      | Reached XP level 3. HP: 26/33 MP: 6/6
  1142 | D:1      | Learned a level 2 spell: Blink
  1146 | D:1      | Learned a level 3 spell: Teleport Other
  1428 | D:1      | HP: 1/33 [goblin (2)]
  1432 | D:1      | Succumbed to an adder's poison

Illustrated notes

Levels and vault maps discovered:
D:1:      lightli_arrival_lavapool, layout_rooms
D:2:      layout_rooms, lemuel_doored_altar, uniq_terence

Skill      XL: |  1  2 |
---------------+-------+-----
Dodging        | 2 |  2.2
Fighting       | |  2.6
Polearms       | |  2.6
Throwing       | |  0.8
Armour         | |  0.7
Spellcasting   | |  2.2
Translocations | |  3.0

Action                   || total
-------------------------++-------
Melee: Spear             ||   131
 Cast: Blink             ||     3
  Use: Potion            ||     2
       Scroll            ||     1
Armor: Leather armour    ||    52
Dodge: Dodged            ||    80
